 Dungeon Crawl Stone Soup version 0.18.1-47-g9310371 (webtiles) character file.

1330 raph the Basher (level 8, -8/73 HPs)
             Began as a Minotaur Fighter on June 17, 2016.
             Was a Believer of Okawaru.
             Mangled by UnlimitedFusion's ghost (17 damage)
             ... on level 6 of the Dungeon.
             The game lasted 00:10:29 (4255 turns).

raph the Basher (Minotaur Fighter)                  Turns: 4255, Time: 00:10:30

Health: -8/73      AC: 16    Str: 22    XL:     8   Next: 34%
Magic:  7/7        EV:  6    Int:  5    God:    Okawaru [**....]
Gold:   71         SH: 10    Dex: 16    Spells: 0 memorised, 7 levels left

rFire  . . .     SeeInvis +     a - +1 flail
rCold  . . .     Gourm    .     o - +0 plate armour
rNeg   . . .     Faith    .     c - +0 shield
rPois  +         Spirit   .     (helmet restricted)
rElec  .         Dismiss  .     y - +1 cloak
rCorr  +         Reflect  .     j - +1 pair of gloves of Love and Death {*Confuse rPois Dex+5}
SustAt .         Harm     .     (no boots)
MR     .....                    (no amulet)
Stlth  ..........               k - ring of see invisible
                                t - ring of resist corrosion

@: not resistant to hostile enchantments, extremely unstealthy
A: retaliatory headbutt, horns 2
a: Heroism, Renounce Religion


You were on level 6 of the Dungeon.
You worshipped Okawaru.
Okawaru was pleased with you.
You were not hungry.

You visited 2 branches of the dungeon, and saw 7 of its levels.

You collected 327 gold pieces.
You spent 256 gold pieces at shops.

Inventory:

Hand Weapons
 a - a +1 flail (weapon)
Armour
 b - a +0 scale mail
 c - a +0 shield (worn)
 j - the +1 pair of gloves of Love and Death (worn) {*Confuse rPois Dex+5}
   (You bought it in a shop on level 5 of the Dungeon)

   It affects your dexterity (+5).
   It protects you from poison.
   It may confuse you when you take damage.
 o - a +0 plate armour (worn)
 u - a +0 chain mail
 y - a +1 cloak (worn)
Jewellery
 k - a ring of see invisible (right hand)
 p - an uncursed ring of ice
 t - a ring of resist corrosion (left hand)
 w - an uncursed ring of magical power
Wands
 C - a wand of hasting (5/9)
Scrolls
 d - 2 scrolls of remove curse
 g - 2 scrolls of amnesia
 B - 2 scrolls of teleportation
Potions
 e - 2 potions of flight
 h - 3 potions of curing
 i - a potion of cure mutation
 l - a potion of agility {unknown}
 n - a potion of haste {unknown}
 r - a potion of beneficial mutation {unknown}
 v - a potion of brilliance {unknown}
 x - 2 potions of berserk rage {unknown}
 z - 2 potions of degeneration {unknown}
Comestibles
 f - 3 bread rations
 m - a beef jerky
 q - 2 chunks of flesh
 A - 2 fruits


   Skills:
 + Level 7.0 Fighting
 * Level 9.1 Maces & Flails
 + Level 5.0 Armour
 + Level 2.9 Dodging
 + Level 5.0 Shields


You had 7 spell levels left.
You didn't know any spells.

Dungeon Overview and Level Annotations

Branches:
Dungeon (6/15)             Temple (1/1) D:4

Altars:
Cheibriados
Dithmenos
Elyvilon
Fedhas
Kikubaaqudgha
Makhleb
Nemelex Xobeh
Okawaru
Pakellas
Qazlal
Ru
Sif Muna
Xom
Yredelemnul
The Shining One

Shops:
D:5 :*(:

Annotations:
D:6 UnlimitedFusion's ghost, novice TrFi


Innate Abilities, Weirdness & Mutations

You reflexively headbutt those who attack you in melee.
You have a pair of horns on your head.


Message History

You block UnlimitedFusion's ghost's attack.
You thump UnlimitedFusion's ghost!
Your headbutt misses UnlimitedFusion's ghost.
UnlimitedFusion's ghost is moderately damaged.
UnlimitedFusion's ghost hits you but does no damage.
You hit UnlimitedFusion's ghost but do no damage.
UnlimitedFusion's ghost is moderately damaged.
You block UnlimitedFusion's ghost's attack.
You sock UnlimitedFusion's ghost!
UnlimitedFusion's ghost is heavily damaged.
You block UnlimitedFusion's ghost's attack.
You hit UnlimitedFusion's ghost.
UnlimitedFusion's ghost is heavily damaged.
UnlimitedFusion's ghost hits you!!
* * * LOW HITPOINT WARNING * * *
You sock UnlimitedFusion's ghost!
UnlimitedFusion's ghost is heavily damaged.
UnlimitedFusion's ghost wails, "What do you have that I didn't have?"
UnlimitedFusion's ghost hits you!
You die...

#. #####?#
...!... #
.......###.#
........#.####
#...^..#..
#...# .#
#...###.#
##..W@<.#
#.###### #.#
#.# #.. +.. #<


You could see UnlimitedFusion's ghost.

Vanquished Creatures
  The ghost of TBriggs11TB the Cleaver, a novice HOFi of Beogh (D:5)
  Sigmund (D:4)
  A phantom (D:4)
  A centaur (D:5)
  A giant frog (D:6)
  2 orc wizards (D:4)
  Crazy Yiuf (D:2)
  An orc priest (D:4)
  3 hounds
  Ijyb (D:2)
  Terence (D:2)
  A worker ant (D:6)
  A gnoll (D:1)
  7 adders
  3 shadow imps (D:5)
  An ooze (D:1)
  An adder skeleton (D:4)
  2 worms
  3 dart slugs
  A giant gecko (D:5)
  6 orcs
  A giant cockroach (D:4)
  3 goblins
  5 hobgoblins
  5 jackals
  A quokka (D:5)
  A ball python (D:2)
  4 bats
  2 giant newts
  5 kobolds
  5 rats
72 creatures vanquished.

Notes
Turn   | Place    | Note
--------------------------------------------------------------
     0 | D:1      | raph the Minotaur Fighter began the quest for the Orb.
     0 | D:1      | Reached XP level 1. HP: 19/19 MP: 0/0
   160 | D:1      | Reached skill level 3 in Maces & Flails
   328 | D:1      | Reached XP level 2. HP: 27/27 MP: 1/1
   703 | D:1      | Reached XP level 3. HP: 33/33 MP: 2/2
   732 | D:1      | Reached skill level 4 in Maces & Flails
   939 | D:2      | Noticed Ijyb
   954 | D:2      | Killed Ijyb
  1165 | D:2      | Reached XP level 4. HP: 39/41 MP: 3/3
  1299 | D:2      | Noticed Terence
  1308 | D:2      | Killed Terence
  1308 | D:2      | Reached skill level 5 in Maces & Flails
  1491 | D:2      | Noticed Crazy Yiuf
  1496 | D:2      | Killed Crazy Yiuf
  1496 | D:2      | Reached XP level 5. HP: 29/47 MP: 4/4
  1906 | D:3      | Reached skill level 5 in Fighting
  2301 | D:4      | Noticed Sigmund
  2307 | D:4      | Killed Sigmund
  2307 | D:4      | Reached skill level 6 in Maces & Flails
  2307 | D:4      | Reached XP level 6. HP: 57/57 MP: 5/5
  2330 | D:4      | Reached skill level 7 in Maces & Flails
  2564 | D:4      | Found a staircase to the Ecumenical Temple.
  2587 | D:4      | Reached XP level 7. HP: 30/63 MP: 6/6
  2849 | Temple   | Entered the Ecumenical Temple
  2909 | Temple   | Became a worshipper of Warmaster Okawaru
  3091 | D:4      | Found a shimmering altar of Xom.
  3093 | D:4      | Found a glowing golden altar of the Shining One.
  3237 | D:5      | Entered Level 5 of the Dungeon
  3282 | D:5      | Reached skill level 1 in Dodging
  3334 | D:5      | Found Gaak's Book Emporium.
  3337 | D:5      | Found Kaodd's Weapon Emporium.
  3444 | D:5      | Reached skill level 8 in Maces & Flails
  3467 | D:5      | Found Kies's Book Shop.
  3519 | D:5      | Noticed TBriggs11TB's ghost (novice HOFi)
  3722 | D:5      | HP: 2/64 [TBriggs11TB's ghost (15)]
  3726 | D:5      | Killed TBriggs11TB's ghost
  3726 | D:5      | Reached * piety under Okawaru
  3726 | D:5      | Reached ** piety under Okawaru
  3726 | D:5      | Reached XP level 8. HP: 8/71 MP: 7/7
  3868 | D:5      | Found Heoczofa's General Store.
  3871 | D:5      | Bought the +1 pair of gloves of Love and Death {*Confuse rPois Dex+5} for 256 gold pieces
  4229 | D:6      | Reached skill level 9 in Maces & Flails
  4232 | D:6      | Noticed UnlimitedFusion's ghost (novice TrFi)
  4249 | D:6      | Reached skill level 5 in Armour
  4249 | D:6      | Reached skill level 5 in Shields
  4255 | D:6      | Mangled by UnlimitedFusion's ghost

Skill      XL: |  1  2  3  4  5  6  7  8 |
---------------+-------------------------+-----
Maces & Flails | 3 4 5 6 7 8 9 |  9.1
Fighting       | 4 5 6 7 |  7.0
Dodging        | 2 |  2.9
Armour         | 4 5 |  5.0
Shields        | 4 5 |  5.0

Action                   |  1- 3 |  4- 6 |  7- 9 || total
-------------------------+-------+-------+-------++-------
Melee: Flail             |    54 |    97 |   116 ||   267
       Headbutt          |     8 |    20 |    19 ||    47
Invok: Heroism           |       |       |     1 ||     1
  Use: Scroll            |       |    12 |     5 ||    17
       Potion            |       |     2 |     1 ||     3
  Eat: Chunk             |       |     5 |     4 ||     9
       Pizza             |       |       |     1 ||     1
Armor: Scale mail        |    21 |       |       ||    21
       Chain mail        |       |    62 |    22 ||    84
       Plate armour      |       |       |    25 ||    25
Dodge: Dodged            |     5 |    20 |    15 ||    40
Block: Shield            |    21 |    49 |    42 ||   112
